 Dungeon Crawl Stone Soup version 0.19.1 (webtiles) character file.

347 zeroDi the Sneak (level 6, -1/30 HPs)
             Began as a Vine Stalker Assassin on Dec 19, 2016.
             Slain by loralnil's ghost (4 damage)
             ... on level 5 of the Dungeon.
             The game lasted 00:05:29 (2390 turns).

zeroDi the Sneak (Vine Stalker Assassin)            Turns: 2390, Time: 00:05:30

Health: -1/30      AC:  3    Str: 13    XL:     6   Next: 59%
Magic:  0/7        EV: 13    Int: 11    God:
Gold:   149        SH:  0    Dex: 18    Spells: 0 memorised, 5 levels left

rFire  . . .     SeeInvis .     r - +2 dagger (flame)
rCold  . . .     Gourm    .     c - +0 robe
rNeg   . . .     Faith    .     (no shield)
rPois  .         Spirit   +     (no helmet)
rElec  .         Reflect  .     d - +0 cloak
rCorr  .         Harm     .     (no gloves)
MR     .....                    (no boots)
Stlth  ++++......               (no amulet)
                                (no ring)
                                (no ring)

@: no status effects
A: fangs 2, regeneration 1, magic shield, antimagic bite, no device heal 3, rot
immunity
a: no special abilities


You were on level 5 of the Dungeon.
You were hungry.

You visited 1 branch of the dungeon, and saw 5 of its levels.

You collected 149 gold pieces.


Innate Abilities, Weirdness & Mutations

You have extremely sharp teeth.
Your natural rate of healing is unusually fast.
When hurt, damage is shared between your health and your magic reserves.
Your bite disrupts and absorbs the magic of your enemies.
Potions and wands cannot restore your health.
You are immune to rotting.


   Skills:
 - Level 1.7 Fighting
 + Level 3.3 Short Blades
 - Level 1.7 Throwing
 + Level 2.4 Dodging
 * Level 7.9 Stealth


You had 5 spell levels left.
You didn't know any spells.

Inventory:

Hand Weapons
 a - a +0 dagger of venom
 b - a +0 blowgun
 o - a +2 dagger
 r - a +2 dagger of flaming (weapon)
Missiles
 e - 8 poisoned needles
 f - 2 curare-tipped needles {=f}
Armour
 c - a +0 robe (worn)
 d - a +0 cloak (worn)
 j - a +1 helmet
Jewellery
 l - a +2 ring of slaying {unknown}
Potions
 h - a potion of resistance {unknown}
 i - 2 potions of degeneration {unknown}
 m - a potion of haste {unknown}
 t - a potion of lignification {unknown}
 u - a potion of cure mutation {unknown}
 v - a potion of invisibility {unknown}
Comestibles
 g - 5 bread rations
 k - 3 chunks of flesh

Dungeon Overview and Level Annotations

Branches:
Dungeon (5/15)
 Temple: D:4-7

Altars:

Shops:
D:5 [

Annotations:
D:5 loralnil's ghost, novice FoFi

#.#.#.....%
###.#.#......
#...≈.≈......
#..≈≈.≈≈......
#..≈≈∩≈≈.......
.##..≈≈≈≈≈........
......W≈≈.........
.......@#.........
##..#.#.#.........
#.##)#[..........
..................
#.....###.........
../.#. ##<........
... #.##..........
.. #.............
. #..........[..


You could see loralnil's ghost.


Message History

You hit loralnil's ghost but do no damage.
You bite loralnil's ghost. You drain its power.
You feel invigorated.
Loralnil's ghost is lightly damaged.
Loralnil's ghost hits you.
* * * LOW HITPOINT WARNING * * *
You hit loralnil's ghost but do no damage.
You bite loralnil's ghost, but do no damage.
Loralnil's ghost is lightly damaged.
Loralnil's ghost closely misses you.
You hit loralnil's ghost but do no damage.
Loralnil's ghost is lightly damaged.
Loralnil's ghost barely misses you.
You hit loralnil's ghost but do no damage.
Your bite misses loralnil's ghost.
Loralnil's ghost is lightly damaged.
Loralnil's ghost closely misses you.
You barely miss loralnil's ghost. Your bite misses loralnil's ghost.
Loralnil's ghost is lightly damaged.
Loralnil's ghost hits you!
You die...

Action                   |  1- 3 |  4- 6 || total
-------------------------+-------+-------++-------
Melee: Dagger            |    66 |    72 ||   138
       Bite              |     5 |    23 ||    28
 Fire: Blowgun           |     2 |     6 ||     8
  Use: Scroll            |       |     7 ||     7
 Stab: Sleeping          |    16 |     8 ||    24
  Eat: Chunk             |     1 |     3 ||     4
Armor: Robe              |    17 |     1 ||    18
Dodge: Dodged            |    40 |    26 ||    66

Vault maps used:
D:1:      dpeg_arrival_rooms_b
D:4:      uniq_blork_the_orc, uniq_crazy_yiuf_cottage
D:5:      serial_shops, nicolae_shop_waterfront, first_bread,
          minmay_gold_behind_fungi, okawaru_metal_pillars_1_2

Notes
Turn   | Place    | Note
-------+----------+-------------------------------------------
     0 | D:1      | zeroDi the Vine Stalker Assassin began the quest for the Orb.
     0 | D:1      | Reached XP level 1. HP: 11/11 MP: 2/2
    49 | D:1      | Reached skill level 5 in Stealth
   120 | D:1      | Reached skill level 2 in Short Blades
   120 | D:1      | Reached skill level 1 in Dodging
   120 | D:1      | Reached XP level 2. HP: 15/15 MP: 3/3
   807 | D:2      | Reached XP level 3. HP: 13/18 MP: 4/4
  1427 | D:3      | Reached skill level 6 in Stealth
  1436 | D:3      | Gained mutation: Your natural rate of healing is unusually fast. [Vine Stalker growth]
  1436 | D:3      | Reached XP level 4. HP: 16/23 MP: 5/5
  1607 | D:3      | Noticed an ogre
  1612 | D:3      | Killed an ogre
  1612 | D:3      | Reached XP level 5. HP: 26/26 MP: 6/6
  1726 | D:3      | Reached skill level 3 in Short Blades
  1728 | D:3      | Reached skill level 2 in Dodging
  1738 | D:3      | Reached skill level 7 in Stealth
  2145 | D:4      | Reached XP level 6. HP: 30/30 MP: 7/7
  2168 | D:4      | Noticed Blork the orc
  2183 | D:4      | Killed Blork the orc
  2357 | D:5      | Entered Level 5 of the Dungeon
  2357 | D:5      | Noticed loralnil's ghost (novice FoFi)
  2373 | D:5      | Found Qiagg's Armour Shop.
  2385 | D:5      | HP: 3/30 [loralnil's ghost (6)]
  2386 | D:5      | HP: 1/30 [loralnil's ghost (2)]
  2390 | D:5      | Slain by loralnil's ghost

Vanquished Creatures
  An ogre (D:3)
  Blork the orc (D:4)
  An orc priest (D:3)
  3 worker ants (D:4)
  3 adders (D:3)
  An ooze (D:3)
  A worm (D:4)
  2 dart slugs (D:1)
  2 leopard geckos
  3 orcs
  3 ball pythons
  8 bats
  4 giant cockroaches
  7 goblins
  3 hobgoblins
  2 quokkas (D:2)
  2 frilled lizards (D:1)
  3 kobolds
  8 rats
58 creatures vanquished.
